 Dungeon Crawl Stone Soup version 0.31-a0-859-g9dce7d3444 (webtiles) character file.

Game seed: 937204206871541865

122 croobank the Covert (level 5, -6/47 HPs)
             Began as a Gnoll Delver on Oct 10, 2023.
             Mangled by a gnoll
             ... wielding a +0 flail
              (10 damage)
             ... on level 2 of the Dungeon.
             The game lasted 00:07:23 (2409 turns).

croobank the Covert (Gnoll Delver)                  Turns: 2409, Time: 00:07:24

Health: -6/47      AC:  4    Str: 11    XL:     5   Next: 6%
Magic:  6/7        EV: 13    Int: 12    God:
Gold:   115        SH:  0    Dex: 13    Spells: 6/6 levels left

rFire   . . .        a - +0 short sword
rCold   . . .        (no shield)
rNeg    + . .        b - +0 leather armour
rPois   .            t - +0 helmet
rElec   .            (no cloak)
rCorr   .            (no gloves)
SInv    .            (no boots)
Will    .....        (no amulet)
Stlth   ++++         l - ring of positive energy
HPRegen 0.27/turn    (no ring)
MPRegen 0.10/turn

%: no passive effects
@: on berserk cooldown, slowed, very slow
A: fangs 1, strong nose, distributed training
a: no special abilities


You were on level 2 of the Dungeon.
You visited 1 branch of the dungeon, and saw 6 of its levels.

You collected 115 gold pieces.

Inventory:

Hand Weapons
 a - a +0 short sword (weapon)
Missiles
 h - 8 poisoned darts (quivered)
 u - 2 javelins
Armour
 b - a +0 leather armour (worn)
 i - a +0 buckler
 p - a +0 ring mail
 t - a +0 helmet (worn)
Magical Staves
 r - a staff of earth
Jewellery
 l - a ring of positive energy (left hand)
Wands
 g - a wand of digging (2)
Scrolls
 c - a scroll of fog
 d - a scroll of noise {unknown}
 e - a scroll of enchant weapon {unknown}
 j - 2 scrolls of identify {unknown}
 k - 2 scrolls of teleportation {unknown}
 m - a scroll of immolation {unknown}
 n - a scroll of silence {unknown}
Potions
 f - a potion of berserk rage
 o - a potion of heal wounds {unknown}
 q - 2 potions of curing {unknown}
 s - a potion of lignification {unknown}
 v - a potion of haste


   Skills:
 + Level 6.6 Fighting
 + Level 4.7 Short Blades
 + Level 1.3 Long Blades
 + Level 1.3 Axes
 + Level 1.3 Maces & Flails
 + Level 1.3 Polearms
 + Level 1.3 Staves
 + Level 1.3 Ranged Weapons
 + Level 1.3 Throwing
 + Level 1.3 Armour
 + Level 4.7 Dodging
 + Level 9.6 Stealth
 + Level 1.3 Shields
 + Level 1.3 Unarmed Combat
 + Level 1.3 Spellcasting
 + Level 1.1 Conjurations
 + Level 1.1 Hexes
 + Level 1.1 Summonings
 + Level 1.1 Necromancy
 + Level 1.1 Translocations
 + Level 1.1 Transmutations
 + Level 1.1 Fire Magic
 + Level 1.1 Ice Magic
 + Level 1.1 Air Magic
 + Level 1.1 Earth Magic
 + Level 1.1 Poison Magic
 + Level 1.5 Invocations
 + Level 1.3 Evocations
 + Level 1.2 Shapeshifting


You had 6 spell levels left.
You didn't know any spells.
Your spell library contained the following spells:

 Spells                   Type           Power      Damage    Failure   Level
 Lesser Beckoning         Tloc           6%         N/A       36%         2
 Gell's Gravitas          Tloc           3%         N/A       58%         3
 Teleport Other           Tloc           3%         N/A       58%         3


Dungeon Overview and Level Annotations

Branches:
Dungeon (6/15)
 Temple: D:4-7

Altars:

Shops:
D:1 :

Annotations:
D:3 Robin


Innate Abilities, Weirdness & Mutations

You have very sharp teeth.
Your uncanny sense of smell can sniff out nearby items.
Your experience applies equally to all skills.


Message History

The gnoll hits you with a +1 halberd of venom.
You are more poisoned.
You puncture the gnoll!
The gnoll is heavily wounded.
You feel sick.
You barely miss the gnoll.
The gnoll is heavily wounded.
You feel very sick. The gnoll misses you.
You puncture the gnoll!
You kill the gnoll!
You feel sick.
You have reached level 5!
You puncture the goblin!
You kill the goblin!
You feel sick.
You feel sick.
Things that are here:
a +0 dagger; a +1 halberd of venom; a gnoll corpse You feel a strong urge to attack something.
You feel sick.
You start resting.
You are no longer berserk.
You are exhausted.
You feel yourself slow down.
You feel sick.
You start resting.
* * * LOW HITPOINT WARNING * * *
You feel very sick.
A gnoll is nearby!
A gnoll is nearby!
A gnoll is nearby!
You feel sick.
Things that are here:
a +0 dagger; a +1 halberd of venom; a gnoll corpse You feel sick.
You feel sick.
You feel sick.
You are no longer poisoned.
The gnoll attacks as it pursues you! The gnoll hits you with a +0 flail!
You die...

#.# ...........# # #.# #.......#
##### #.# #..<....# #.... #.#
###.#.### #.... ##+#.# ...#.#
#.... #....##########.# #....
.....'..........# #....
#....########################....
#....'..........@g......)...#....
.....########.......#######.#.###
.....# #.......# #........##
##.... ######### #........##
#..... #.......g## ##.....
#........## ##... #........## ##
#.......... #..........


You could see a gnoll.

Vanquished Creatures
  2 hounds (D:4)
  A gnoll (D:2)
  An adder (D:2)
  A worm (D:2)
  2 orcs
  2 bats
  5 endoplasms
  A giant cockroach (D:2)
  4 hobgoblins
  4 kobolds
  4 quokkas
  3 ball pythons (D:1)
  4 frilled lizards (D:1)
  4 goblins (D:2)
38 creatures vanquished.

Notes
Turn   | Place    | Note
-------+----------+-------------------------------------------
     0 | D:5      | Reached skill level 9 in Stealth
     0 | D:5      | croobank the Gnoll Delver began the quest for the Orb.
     0 | D:5      | Reached XP level 1. HP: 23/23 MP: 1/1
    38 | D:6      | Noticed an orc priest
    67 | D:5      | Noticed a sleepcap
   138 | D:5      | Noticed an orc priest
   178 | D:4      | Noticed a hound
   200 | D:4      | Killed a hound
   201 | D:4      | Reached XP level 2. HP: 5/29 MP: 1/3
   201 | D:4      | Reached XP level 3. HP: 6/35 MP: 1/4
   648 | D:4      | Reached skill level 1 in Long Blades
   648 | D:4      | Reached skill level 1 in Axes
   648 | D:4      | Reached skill level 1 in Maces & Flails
   648 | D:4      | Reached skill level 1 in Polearms
   648 | D:4      | Reached skill level 1 in Staves
   648 | D:4      | Reached skill level 1 in Ranged Weapons
   648 | D:4      | Reached skill level 1 in Throwing
   648 | D:4      | Reached skill level 1 in Armour
   648 | D:4      | Reached skill level 1 in Shields
   648 | D:4      | Reached skill level 1 in Unarmed Combat
   648 | D:4      | Reached skill level 1 in Spellcasting
   648 | D:4      | Reached skill level 1 in Invocations
   648 | D:4      | Reached skill level 1 in Evocations
   648 | D:4      | Reached skill level 1 in Shapeshifting
   648 | D:4      | Reached XP level 4. HP: 41/41 MP: 5/5
   710 | D:4      | Noticed an ogre
   806 | D:3      | Noticed Robin
  1348 | D:2      | Reached skill level 1 in Conjurations
  1348 | D:2      | Reached skill level 1 in Hexes
  1348 | D:2      | Reached skill level 1 in Summonings
  1348 | D:2      | Reached skill level 1 in Necromancy
  1348 | D:2      | Reached skill level 1 in Translocations
  1348 | D:2      | Reached skill level 1 in Transmutations
  1348 | D:2      | Reached skill level 1 in Fire Magic
  1348 | D:2      | Reached skill level 1 in Ice Magic
  1348 | D:2      | Reached skill level 1 in Air Magic
  1348 | D:2      | Reached skill level 1 in Earth Magic
  1348 | D:2      | Reached skill level 1 in Poison Magic
  1678 | D:1      | Found a faded altar of an unknown god.
  1855 | D:1      | Found Rasiuv's Book Emporium.
  2396 | D:2      | Reached XP level 5. HP: 21/47 MP: 5/7
  2404 | D:2      | HP: 2/47 [poisoned by a gnoll]
  2409 | D:2      | Mangled by a gnoll

Illustrated notes

Levels and vault maps discovered:
D:1:      amcnicky_arrival_gap_in_the_tavern_cellar, layout_basic, serial_shops,
          shop, shapermc_ecumenical_altar_totnotflames, minmay_pentomino_o2
D:2:      layout_basic, serial_shops, nicolae_shop_drivethru,
          skrybe_limestone_x, nrook_mini_backslash
D:3:      layout_loops_cross, nicolae_dithmenos_shadow_blocks,
          lemuel_tele_altar, amcnicky_altar_gilded, nemelex_spade_bored_becter,
          uniq_grinder, uniq_robin
D:4:      layout_basic, uniq_pikel
D:5:      layout_basic, nzn_hepliaklqana_mist_gate, uniq_eustachio,
          uniq_blork_the_orc
D:6:      layout_rooms, yredelemnul_altar_generic, mainiacjoe_overflow_alcove_2,
          nicolae_uskayaw_en_pointe, minmay_temple_entry_crystal_x,
          serial_shops, shop, hangedman_abyss_or_decor_stabs

Skill      XL: |  1  2  3  4 |
---------------+-------------+-----
Stealth        | |  9.6
Long Blades    | 1 |  1.3
Axes           | 1 |  1.3
Maces & Flails | 1 |  1.3
Polearms       | 1 |  1.3
Staves         | 1 |  1.3
Ranged Weapons | 1 |  1.3
Throwing       | 1 |  1.3
Armour         | 1 |  1.3
Shields        | 1 |  1.3
Unarmed Combat | 1 |  1.3
Spellcasting   | 1 |  1.3
Invocations    | 1 |  1.5
Evocations     | 1 |  1.3
Shapeshifting  | 1 |  1.2
Conjurations   | 1 |  1.1
Hexes          | 1 |  1.1
Summonings     | 1 |  1.1
Necromancy     | 1 |  1.1
Translocations | 1 |  1.1
Transmutations | 1 |  1.1
Fire Magic     | 1 |  1.1
Ice Magic      | 1 |  1.1
Air Magic      | 1 |  1.1
Earth Magic    | 1 |  1.1
Poison Magic   | 1 |  1.1
Fighting       | |  6.6
Short Blades   | |  4.7
Dodging        | |  4.7

Action                     |  1- 3 |  4- 6 || total
---------------------------+-------+-------++-------
  Melee: Short sword       |    24 |    94 ||   118
         Bite              |     3 |     8 ||    11
  Throw: Dart              |     2 |     1 ||     3
  Evoke: Wand              |       |     1 ||     1
    Use: Potion            |     1 |     2 ||     3
         Scroll            |     1 |     1 ||     2
   Stab: Sleeping          |     2 |     9 ||    11
 Armour: Leather armour    |     8 |    39 ||    47
  Dodge: Dodged            |    11 |    47 ||    58

Table legend: (Time is in decaauts)
 A = Elapsed time spent in this place.
 B = Non-inter-level travel time spent in this place.
 C = Inter-level travel time spent in this place.
 D = Time resting spent in this place.
 E = Time spent auto-exploring this place.
 F = Levels seen in this place.
 G = Mean time per level.
                   A        B        C        D        E       F      G
               +--------+--------+--------+--------+--------+-----+--------+
         Total |   2376 |   2319 |     57 |   1001 |    671 |   6 |  396.0 |
       Dungeon |   2376 |   2319 |     57 |   1001 |    671 |   6 |  396.0 |
               +--------+--------+--------+--------+--------+-----+--------+

Top non-repeatable levels by time:
     D:1: 936 daAuts
     D:2: 645 daAuts
     D:4: 628 daAuts
     D:5: 128 daAuts
     D:3: 19 daAuts
     D:6: 17 daAuts
